 Dungeon Crawl Stone Soup version 0.31.0-32-g396128a36d (webtiles) character file.

Game seed: 1671325200831177379

2066 TacoSundae the Grappler (level 9, 0/40 HPs)
             Began as a Vine Stalker Shapeshifter on Apr 6, 2024.
             Slain by an orc wizard
             ... wielding a +0 dagger
              (2 damage)
             ... on level 6 of the Dungeon.
             The game lasted 00:14:18 (4706 turns).

TacoSundae the Grappler (Vine Stalker Shapeshifter) Turns: 4706, Time: 00:14:19

Health: 0/40       AC:  4    Str: 20    XL:     9   Next: 26%
Magic:  0/19       EV: 12    Int: 10    God:
Gold:   208        SH:  0    Dex: 15    Spells: 8/8 levels left

rFire   . .          .
                       - Unarmed
rCold   . . .        (no shield)
rNeg    . . .        u - +2 robe
rPois   .            (helmet currently unavailable)
rElec   .            (cloak currently unavailable)
rCorr   .            (gloves currently unavailable)
SInv    .            (boots currently unavailable)
Will    +....        r - amulet of the acrobat
Stlth   +            i - ring of magical power
HPRegen 1.06/turn    k - ring of flight
MPRegen 0.16/turn

%: acrobat, guardian spirit
@: beast-form, flying
A: beast (slay +4), fangs 3, regeneration 1, magic shield, antimagic bite, no
potion heal 2
a: Begin Untransformation


You were on level 6 of the Dungeon.
You were a hulking beast.
You visited 1 branch of the dungeon, and saw 6 of its levels.

You collected 208 gold pieces.

Inventory:

Missiles
 e - 5 poisoned darts (quivered)
 s - 2 throwing nets
Armour
 u - a +2 robe (worn)
Magical Staves
 p - a staff of air
Jewellery
 i - a ring of magical power (left hand)
 j - a ring of ice
 k - a ring of flight (right hand)
 r - an amulet of the acrobat (around neck)
Talismans
 c - a beast talisman
 d - a flux talisman
Scrolls
 g - a scroll of blinking
Potions
 a - 2 potions of brilliance
 b - 2 potions of might
 f - 2 potions of attraction
 h - a potion of invisibility
 m - 3 potions of curing {unknown}
 n - 2 potions of enlightenment {unknown}


   Skills:
 - Level 0.8 Fighting
 - Level 1.5 Dodging
 * Level 10.2 Unarmed Combat
 + Level 7.0 Shapeshifting


You had 8 spell levels left.
You didn't know any spells.
Your spell library contained the following spells:

 Spells                   Type           Power      Damage    Failure   Level
 Blink                    Tloc           0%         N/A       50%         2
 Lesser Beckoning         Tloc           0%         N/A       50%         2
 Momentum Strike          Conj/Tloc      0%         3d8       50%         2
 Static Discharge         Conj/Air       0%         3-3/arc   50%         2
 Airstrike                Air            0%         2d(0-16)  98%         4
 Summon Lightning Spire   Summ/Air       0%         N/A       98%         4


Dungeon Overview and Level Annotations

Branches:
Dungeon (6/15)             Temple (0/1) D:6

Altars:
Dithmenos
Gozag
Vehumet
Wu Jian
Zin

Shops:
D:1 :   D:3 *

Annotations:
D:6 exclusion: oklob sapling


Innate Abilities, Weirdness & Mutations

You are a hulking beast.
Your limbs bulge with bestial killing power. (Slay +4)
You have razor-sharp teeth.
Your natural rate of healing is unusually fast.
When hurt, damage is shared between your health and your magic reserves.
Your bite disrupts and absorbs the magic of your enemies.
Potions cannot restore your health.


Message History

You hit the orc warrior.
The orc warrior is severely wounded.
You hit the orc warrior. Your bite misses the orc warrior.
The orc warrior is almost dead.
The orc warrior hits you with a +0 dire flail!
* * * LOW HITPOINT WARNING * * *
You hear some strange, mumbled words.
Something tries to affect you, but you resist.
Okay, then.
Unknown command.
Okay, then.
Unknown command.
Unknown command.
You punch the orc warrior!
You kill the orc warrior!
Something hits you.
* * * LOW HITPOINT WARNING * * *
Something closely misses you.
Things that are here:
a +0 dire flail; a +0 chain mail A magic dart appears from out of thin air!
The magic dart hits you!
* * * LOW HITPOINT WARNING * * *
Things that are here:
a +0 dagger; a +0 ring mail Something misses you.
Things that are here:
a +0 dire flail; a +0 chain mail You barely miss something.
Your bite misses something. Something hits you but does no damage.
You barely miss something. Your bite misses something.
You barely miss something. Something hits you but does no damage.
You hit something. Your punch misses something. Your bite misses something.
You hear some strange, mumbled words.
A magic dart appears from out of thin air!
The magic dart hits you.
* * * LOW HITPOINT WARNING * * *
You closely miss something. Your punch misses something.
Your bite misses something. Something hits you.
You die...

PP..........#
P.P.....<(..#
#..........##
#..........#
#..........#
##[.......###
##.####..^.#
..# #†{..## #
#.. #.h...#
.# ##)##.##
#).#####
#..#.....#
#..#......#
..##.........
#.#
##....#...
..# #...## ..
#.. #.... .


There were no monsters in sight!

Vanquished Creatures
  Grinder (D:4)
  Prince Ribbit (D:5)
  Sigmund (D:5)
  Eustachio (D:5)
  Edmund (D:4)
  2 orc warriors (D:6)
  A black bear (D:5)
  An ogre (D:4)
  A centaur (D:5)
  A phantom (D:5)
  Blork the orc (D:4)
  A scorpion (D:6)
  4 hounds
  3 jellies
  An orc priest (D:6)
  Jessica (D:2)
  A sleepcap (D:4)
  2 iguanas
  Robin (D:2)
  7 adders
  9 gnolls
  A dart slug (D:1)
  3 ribbon worms
  10 orcs
  A bat (D:1)
  7 endoplasms
  3 giant cockroaches
  12 goblins
  11 hobgoblins
  6 jackals
  7 kobolds
  5 quokkas
  7 ball pythons
  3 frilled lizards
  4 rats
122 creatures vanquished.

Notes
Turn   | Place    | Note
-------+----------+-------------------------------------------
     0 | D:1      | TacoSundae the Vine Stalker Shapeshifter began the quest
                  | for the Orb.
     0 | D:1      | Reached XP level 1. HP: 9/9 MP: 2/2
    53 | D:1      | Found Cuwedyh's Book Shop.
   173 | D:1      | Reached XP level 2. HP: 14/14 MP: 3/3
   585 | D:1      | Found a faded altar of an unknown god.
   615 | D:1      | Reached XP level 3. HP: 17/17 MP: 4/4
  1007 | D:2      | Noticed Jessica
  1017 | D:2      | Killed Jessica
  1018 | D:2      | Reached skill level 4 in Unarmed Combat
  1045 | D:2      | Noticed Robin
  1049 | D:2      | Reached XP level 4. HP: 21/21 MP: 5/5
  1066 | D:2      | Killed Robin
  1107 | D:2      | Found a shadowy altar of Dithmenos.
  1777 | D:3      | Found Zin's Purification Station.
  1791 | D:3      | Found a glowing silver altar of Zin.
  1963 | D:3      | Reached XP level 5. HP: 20/25 MP: 6/6
  2151 | D:3      | Found an opulent altar of Gozag.
  2152 | D:3      | Found an ornate altar of the Wu Jian Council.
  2270 | D:3      | Reached skill level 5 in Unarmed Combat
  2463 | D:4      | Noticed Grinder
  2533 | D:4      | Paralysed by Grinder for 5 turns
  2550 | D:4      | Paralysed by Grinder for 5 turns
  2580 | D:4      | Killed Grinder
  2581 | D:4      | Reached skill level 6 in Unarmed Combat
  2581 | D:4      | Reached XP level 6. HP: 13/29 MP: 7/7
  2717 | D:4      | Noticed Blork the orc
  2728 | D:4      | Killed Blork the orc
  2729 | D:4      | Reached XP level 7. HP: 22/32 MP: 8/8
  2929 | D:4      | Reached skill level 5 in Shapeshifting
  3025 | D:4      | Reached skill level 7 in Unarmed Combat
  3089 | D:4      | Noticed Edmund
  3103 | D:4      | Killed Edmund
  3379 | D:5      | Entered Level 5 of the Dungeon
  3515 | D:5      | Noticed Sigmund
  3562 | D:5      | Killed Sigmund
  3563 | D:5      | Reached skill level 8 in Unarmed Combat
  3563 | D:5      | Gained mutation: You have razor-sharp teeth. [Vine Stalker
                  | growth]
  3563 | D:5      | Reached XP level 8. HP: 24/37 MP: 8/9
  3666 | D:5      | Noticed Prince Ribbit
  3763 | D:5      | Killed Prince Ribbit
  3815 | D:5      | Found a shadowy altar of Dithmenos.
  3914 | D:5      | Reached skill level 9 in Unarmed Combat
  4056 | D:5      | Noticed Eustachio
  4060 | D:5      | Killed Eustachio
  4104 | D:5      | Reached XP level 9. HP: 35/40 MP: 10/10
  4544 | D:6      | Reached skill level 10 in Unarmed Combat
  4563 | D:6      | Found a radiant altar of Vehumet.
  4646 | D:6      | Found a staircase to the Ecumenical Temple.
  4705 | D:6      | HP: 1/40 [something/magic dart (6)]
  4706 | D:6      | Slain by an orc wizard

Illustrated notes

Levels and vault maps discovered:
D:1:      matt_arrival_diagonals, layout_basic, serial_shops, shop,
          shapermc_ecumenical_altar_acropolis, bh_walls_and_bars
D:2:      layout_loops_cross, serial_forest, infiniplex_forest_lined_2,
          infiniplex_forest_zigzag_1, infiniplex_forest_lined_4_way,
          infiniplex_forest_zigzag_2, infiniplex_forest_corner_1,
          infiniplex_forest_clump_curved, infiniplex_forest_zigzag_2,
          basic_altar, uniq_jessica, uniq_robin
D:3:      layout_loops_ring, zin_purify, gammafunk_temple_overflow_statue
D:4:      layout_loops_cross, cheibrodos_gnoll_hut, uniq_edmund, uniq_grinder,
          uniq_blork_the_orc
D:5:      layout_basic, lemuel_tele_altar, uniq_sigmund, uniq_eustachio,
          uniq_prince_ribbit1
D:6:      layout_cave_pools, grunt_nemelex_the_gamble, lemuel_doored_altar,
          minmay_temple_entry_oklob, hangedman_decor_clover_reticule,
          nicolae_houndstooth_variations

Skill      XL: |  1  2  3  4  5  6  7  8  9 |
---------------+----------------------------+-----
Unarmed Combat | 4 6 8 9 10 | 10.2
Shapeshifting  | 4 5 6 7 |  7.0
Fighting       | |  0.8
Dodging        | |  1.5

Action                     |  1- 3 |  4- 6 |  7- 9 || total
---------------------------+-------+-------+-------++-------
  Melee: Unarmed           |    43 |   137 |   133 ||   313
         Bite              |    10 |    28 |    35 ||    73
         Punch             |     1 |     6 |     8 ||    15
  Throw: Throwing net      |       |     1 |       ||     1
         Dart              |       |       |     5 ||     5
    Use: Scroll            |       |       |    12 ||    12
         Potion            |       |       |     1 ||     1
   Stab: Sleeping          |     1 |     1 |     2 ||     4
         Distracted        |       |       |     1 ||     1
 Armour: Animal skin       |     8 |       |       ||     8
         Leather armour    |     8 |    64 |       ||    72
         Robe              |       |       |    54 ||    54
         Skin              |       |       |     5 ||     5
  Dodge: Dodged            |    15 |    53 |    87 ||   155
